 Dungeon Crawl Stone Soup version 0.29-a0-422-gafbd6decc1 (webtiles) character file.

Game seed: 12631495387358229412

119 happo123 the Ruffian (level 4, -1/42 HPs)
             Began as a Troll Transmuter on May 19, 2022.
             Slain by an orc priest
             ... wielding a +0 short sword of speed
              (4 damage)
             ... on level 3 of the Dungeon.
             The game lasted 00:05:19 (1394 turns).

happo123 the Ruffian (Troll Transmuter)             Turns: 1394, Time: 00:05:21

Health: -1/42      AC:  4    Str: 18    XL:     4   Next: 73%
Magic:  0/5        EV:  6    Int: 11    God:
Gold:   93         SH:  9    Dex: 10    Spells: 3/6 levels left

rFire   . . .      SeeInvis .     - Unarmed
rCold   . . .      Faith    .   p - +0 tower shield
rNeg    . . .      Spirit   +   a - +0 robe
rPois   .          Reflect  .   (helmet restricted)
rElec   .          Harm     .   (no cloak)
rCorr   +          Rampage  .   (gloves unavailable)
Will    .....                   (boots unavailable)
Stlth   +.........              k - amulet of guardian spirit
HPRegen 0.94/turn               i - ring of resist corrosion
MPRegen 0.09/turn               (no ring)

@: no status effects
A: large, unfitting armour, claws 3, regeneration 1, shaggy fur 1, tough skin 1
a: no special abilities


You were on level 3 of the Dungeon.
You visited 1 branch of the dungeon, and saw 3 of its levels.

You collected 93 gold pieces.

Inventory:

Armour
 a - a +0 robe (worn)
 p - a +0 tower shield (worn)
Jewellery
 i - a ring of resist corrosion (left claw)
 k - an amulet of guardian spirit (around neck)
Scrolls
 c - a scroll of enchant weapon {unknown}
 d - a scroll of immolation {unknown}
 e - a scroll of identify {unknown}
 g - 2 scrolls of vulnerability {unknown}
 h - 2 scrolls of teleportation {unknown}
 l - a scroll of summoning {unknown}
 m - a scroll of magic mapping {unknown}
 o - a scroll of silence {unknown}
Potions
 b - a potion of lignification
 f - a potion of flight {unknown}
 j - a potion of attraction {unknown}
 n - 3 potions of heal wounds {unknown}


   Skills:
 + Level 1.7 Fighting
 + Level 2.3 Dodging
 + Level 3.6 Unarmed Combat
 + Level 1.7 Spellcasting
 + Level 2.0 Transmutations


You had 3 spell levels left.
You knew the following spells:

 Your Spells              Type           Power      Damage    Failure   Level
a - Beastly Appendage     Tmut           10%        N/A       75%         1
b - Wereblood             Tmut           5%         N/A       87%         2

Your spell library contained the following spells:

 Spells                   Type           Power      Damage    Failure   Level
 Spider Form              Tmut/Pois      3%         N/A       99%         3
 Ice Form                 Ice/Tmut       3%         N/A       100%        4


Dungeon Overview and Level Annotations

Branches:
Dungeon (3/15)

Altars:


Innate Abilities, Weirdness & Mutations

You are too large for most types of armour.
You have claws for hands.
Your natural rate of healing is unusually fast.
You are covered in fur. (AC +1)
You have tough skin. (AC +1)


Message History

You miscast Beastly Appendage.
You are very lightly contaminated with residual magic.
Nothing appears to happen.
The orc shouts! x2
You scratch the orc but do no damage. The orc barely misses you.
An orc priest comes into view.
It is wielding a +0 short sword of speed.
You block the orc's attack.
You completely miss the orc. The orc closely misses you.
You closely miss the orc. You block the orc's attack. x2
You barely miss the orc. You block the orc's attack.
The orc hits you with a +0 short sword. You block the orc's attack.
Your magical contamination has completely faded away.
You closely miss the orc. You block the orc's attack. x2
The orc hits you with a +2 whip of electrocution.
The orc hits you with a +0 short sword.
The orc hits you with a +2 whip of electrocution.
The orc hits you with a +0 club. The orc barely misses you.
You block the orc priest's attack. You block the orc's attack.
The orc hits you with a +0 short sword.
The orc hits you with a +2 whip of electrocution.
You are electrocuted!
The orc hits you with a +0 club.
* * * LOW HITPOINT WARNING * * *
You barely miss the orc priest.
The orc priest hits you with a +0 short sword of speed.
* * * LOW HITPOINT WARNING * * *
The orc hits you with a +0 short sword.
* * * LOW HITPOINT WARNING * * *
The orc hits you with a +0 short sword.
* * * LOW HITPOINT WARNING * * *
You block the orc's attack.
The orc hits you with a +2 whip of electrocution.
* * * LOW HITPOINT WARNING * * *
The orc closely misses you. You block the orc priest's attack.
You closely miss the orc priest. You closely miss the orc priest.
The orc hits you with a +0 club.
* * * LOW HITPOINT WARNING * * *
You block the orc's attack. The orc hits you with a +0 short sword.
* * * LOW HITPOINT WARNING * * *
The orc priest hits you with a +0 short sword of speed.
You die...

...............
+........#.....
#............. .
...........#'# ..
...........#.# ...
.....<.......# ....
............†####+#....
...............ooo.#
.........#....$.@o.#
..>......#.....oo..#
.###†..............#
.......####...........
.......#######...$.....
........... ...........
........................
.....^..................
(...........


You could see an orc priest and 5 orcs.

Vanquished Creatures
  An orc wizard (D:3)
  3 adders (D:2)
  2 dart slugs (D:1)
  A worm (D:2)
  2 orcs (D:3)
  6 endoplasms
  7 giant cockroaches
  6 hobgoblins
  2 jackals (D:1)
  3 quokkas
  3 ball pythons
  3 bats
  2 frilled lizards
  5 goblins
  5 kobolds
  2 rats (D:1)
53 creatures vanquished.

Notes
Turn   | Place    | Note
-------+----------+-------------------------------------------
     0 | D:1      | happo123 the Troll Transmuter began the quest for the Orb.
     0 | D:1      | Reached XP level 1. HP: 18/18 MP: 1/1
   115 | D:1      | Reached skill level 1 in Fighting
   133 | D:1      | Reached XP level 2. HP: 25/27 MP: 3/3
   659 | D:2      | Reached XP level 3. HP: 33/33 MP: 4/4
   895 | D:2      | Reached XP level 4. HP: 41/41 MP: 3/5
  1329 | D:3      | Learned a level 2 spell: Wereblood
  1394 | D:3      | Slain by an orc priest

Illustrated notes

Levels and vault maps discovered:
D:1:      matt_arrival_grand_opening, layout_loops_ring
D:2:      layout_basic
D:3:      layout_basic, nicolae_ecumenical_pavilion, minmay_misc_feat_tower

Skill      XL: |  1  2  3  4 |
---------------+-------------+-----
Fighting       | 1 |  1.7
Dodging        | 2 |  2.3
Transmutations | 2 |  2.0
Unarmed Combat | |  3.6
Spellcasting   | |  1.7

Action                   |  1- 3 |  4- 6 || total
-------------------------+-------+-------++-------
Melee: Unarmed           |    99 |    43 ||   142
       Punch             |     1 |       ||     1
       Kick              |     1 |     2 ||     3
       Headbutt          |       |     2 ||     2
 Cast: Beastly Appendage |     1 |     2 ||     3
Armor: Robe              |    28 |    15 ||    43
Dodge: Dodged            |    41 |    21 ||    62
Block: Tower shield      |       |    12 ||    12

Table legend: (Time is in decaauts)
 A = Elapsed time spent in this place.
 B = Non-inter-level travel time spent in this place.
 C = Inter-level travel time spent in this place.
 D = Time resting spent in this place.
 E = Time spent auto-exploring this place.
 F = Levels seen in this place.
 G = Mean time per level.
                   A        B        C        D        E       F      G
               +--------+--------+--------+--------+--------+-----+--------+
         Total |   1386 |   1276 |    110 |      0 |    904 |   3 |  462.0 |
       Dungeon |   1386 |   1276 |    110 |      0 |    904 |   3 |  462.0 |
               +--------+--------+--------+--------+--------+-----+--------+

Top non-repeatable levels by time:
     D:1: 623 daAuts
     D:2: 554 daAuts
     D:3: 209 daAuts
